 Dungeon Crawl Stone Soup version 0.29.0-4-gdea44cf6ec (webtiles) character file.

Game seed: 13869050602808159191

107049 qw the Peltast (level 15, -1/144 HPs)
             Began as a Minotaur Berserker on Sept 4, 2022.
             Was an Elder of Trog.
             Slain by a merfolk
             ... wielding a +0 trident
              (3 damage)
             ... on level 3 of the Shoals.
             The game lasted 00:09:31 (28425 turns).

qw the Peltast (Minotaur Berserker)                Turns: 28425, Time: 00:09:31

Health: -1/144     AC: 22    Str: 31    XL:     15   Next: 99%
Magic:  14/14      EV:  9    Int:  4    God:    Trog [****..]
Gold:   445        SH: 25    Dex: 11    Spells: 14/14 levels left

rFire   + . .      SeeInvis +   Y - +2 broad axe (vamp)
rCold   + . .      Faith    .   u - +0 tower shield
rNeg    + . .      Spirit   .   m - +1 plate armour
rPois   +          Reflect  +   w - -2 hat of the Alchemist {rElec rPois rF+ rC+ rN+ Will+ rMut rCorr}
rElec   +          Harm     .   c - +2 cloak {rCorr}
rCorr   +          Rampage  .   x - +2 pair of gloves {Str+3}
rMut    +                       (no boots)
Will    ++...                   h - amulet of reflection
Stlth   ..........              q - +4 ring of slaying {mikee}
HPRegen 1.34/turn               l - ring of see invisible
MPRegen 0.14/turn

@: weak-willed, marked, engulfed (cannot breathe), strong-willed, on berserk
cooldown, regenerating, slowed, very slow
A: horns 2, retaliatory headbutt
a: Renounce Religion, Berserk, Trog's Hand, Brothers in Arms


You were on level 3 of the Shoals.
You worshipped Trog.
Trog was greatly pleased with you.
You visited 4 branches of the dungeon, and saw 25 of its levels.

You collected 2301 gold pieces.
You spent 1856 gold pieces at shops.


Innate Abilities, Weirdness & Mutations

You have a pair of horns on your head.
You reflexively headbutt those who attack you in melee.


   Skills:
 - Level 16.0 Fighting
 - Level 18.0 Axes
 - Level 7.0 Throwing
 + Level 13.3 Armour
 - Level 7.0 Dodging
 - Level 18.9 Shields


You had 14 spell levels left.
You didn't know any spells.
Your spell library was empty.

Inventory:

Hand Weapons
 z - a +1 morningstar of flaming
 Y - a +2 vampiric broad axe (weapon)
Missiles
 d - 11 boomerangs (quivered)
Armour
 c - a +2 cloak of preservation (worn)
 m - a +1 plate armour (worn)
 s - the +3 hat of Pondering {ponderous, Will+ MP+10 Int+5}
   (You took it off Gastronok on level 2 of the Lair of Beasts)

   Int:       It affects your intelligence (+5).
   MP:        It affects your magic capacity (+10).
   Will:      It increases your willpower.
 u - a +0 tower shield (worn)
 v - a +1 chain mail of fire resistance
 w - the -2 hat of the Alchemist (worn) {rElec rPois rF+ rC+ rN+ Will+ rMut rCorr}
   (You bought it in a shop on level 2 of the Orcish Mines)

   rF:        It protects you from fire.
   rC:        It protects you from cold.
   rElec:     It insulates you from electricity.
   rPois:     It protects you from poison.
   rN:        It protects you from negative energy.
   rCorr:     It protects you from acid and corrosion.
   rMut:      It protects you from mutation.
   Will:      It increases your willpower.
 x - a +2 pair of gloves of strength (worn)
Jewellery
 h - an amulet of reflection (around neck)
 i - a +6 ring of strength
 l - a ring of see invisible (right hand)
 q - a +4 ring of slaying (left hand) {mikee}
Wands
 b - a wand of digging (1)
Scrolls
 g - 5 scrolls of teleportation
 k - 10 scrolls of identify
Potions
 e - 2 potions of might
 j - 13 potions of curing
 n - 4 potions of haste
 o - 3 potions of cancellation
 r - 3 potions of mutation

Dungeon Overview and Level Annotations

Branches:
Dungeon (15/15)            Temple (0/1) D:7            Lair (5/5) D:11
 Shoals (3/4) Lair:2        Snake (0/4) Lair:2        Slime (0/5) Lair:4
    Orc (2/2) D:10            Elf (0/3) Orc:2        Vaults (0/5) D:13
 Depths (0/4) D:15

Altars:
Elyvilon
Fedhas
Ru
Trog
Zin
The Shining One

Shops:
Orc:1 :   Orc:2 *[*(=   Shoals:1 =   Shoals:3 (

Portals:
Trove: D:13 (give +3 gold dragon scales)

Annotations:
D:8 2 transporters, Grum; qw's ghost, novice TrCA
Lair:4 3 runed translucent doors, qw's ghost, journeyman TrCA
Lair:5 1 runed translucent door
Orc:1 3 runed translucent doors, Kisosi's ghost, journeyman DDFi


Message History

You hit the water elemental but do no damage.
The water elemental is heavily damaged.
You slash the sea snake! You slash the merfolk impaler!
You feel better.
You miss the merfolk aquamancer. You barely miss the merfolk impaler.
You slash the water elemental!
Your lungs strain for air!
You block the water elemental's attack.
The merfolk hits you but does no damage.
You block the merfolk impaler's attack.
The merfolk aquamancer hits you but does no damage.
The faun shoots a sling bullet.
The sling bullet hits your ogre!!
Your ogre dies!
Your ogre's corpse disappears in a puff of smoke!
The sea snake closely misses you.
The merfolk impaler hits you but does no damage.
The water nymph gestures at you while chanting.
The water swirls and strikes you. The water elemental barely misses you.
You block the merfolk's attack.
The merfolk impaler hits you with a +0 trident of freezing.
The merfolk impaler hits you but does no damage.
Space warps horribly around you! The water elemental closely misses you.
28425 ||| DRINKING potion of heal wounds.
You feel much better.
Your lungs strain for air!
The sea snake barely misses you.
The merfolk aquamancer hits you with a +0 rapier!
A faun comes into view. It is wielding a +0 club.
You block the merfolk's attack. You block the merfolk impaler's attack.
The merfolk impaler hits you with a +0 trident of freezing.
You block the water elemental's attack.
The merfolk hits you from afar with a +0 trident.
The satyr plays a rousing melody on his pipes!
The sea snake barely misses you. You block the water elemental's attack.
The merfolk impaler hits you with a +2 trident of distortion!
Space warps horribly around you!
The merfolk impaler hits you with a +0 trident of freezing!
The merfolk impaler freezes you.
The merfolk aquamancer closely misses you.
The merfolk hits you from afar with a +0 trident.
You die...

#.~~~~~~~~~~~~~~~~
ccc~~~~~~~~~~~~~~
c~~~~~~~~~~~~~~~
#~~~~~~~~~~~~~~~
#~~~~~~~~~~~~~~~
#~ยค~~~~~~~~~~~~~
#~~ESmm~~~~~~~~~
#.~~@mEH~~~~~~~~ #
#.~~Emm~~~~~~~~~ #.
#.S~~~~~~H~~~~~~
.##\##.~~~~~~~~~~~~~~
.....H.~~<.~~~~~~~~~~
..~~~~~~.~....~~~~~~~~
~~.~~~~.....m~~.~~~~~~~~
~~~~~~~~~~.....~~~..~~~~~~~~
~~~~~~.~~~.........~~~~)~~~


You could see 2 merfolk impalers, a satyr, 2 sea snakes, a merfolk aquamancer, 2
merfolk, 3 fauns, 3 manticores, 3 water elementals and a water nymph.

Vanquished Creatures
  A kraken (Shoals:1)
  Frances (D:14)
  Louise (Shoals:1)
  An orc warlord (Orc:2)
  A stone giant (D:15)
  Nessos (D:13)
  3 merfolk impalers
  2 vault guards (D:13)
  5 hydras
  Erolcha (D:13)
  2 two-headed ogres
  An alligator snapping turtle (Shoals:1)
  A satyr (Shoals:3)
  8 centaur warriors
  6 boulder beetles
  An orc high priest (Orc:2)
  2 tengu warriors (D:15)
  Nergalle (Lair:2)
  7 skeletal warriors
  7 sea snakes
  3 orc knights (Orc:2)
  A lindwurm (Lair:5)
  3 deep elf pyromancers
  10 manticores
  6 fauns (Shoals:1)
  2 orc sorcerers (Orc:2)
  9 elephants
  6 cyclopes
  A water nymph (Shoals:2)
  Joseph (D:9)
  4 merfolk sirens
  13 cane toads
  2 gargoyles
  5 black mambas
  6 torpor snails
  2 rime drakes
  A komodo dragon (shapeshifter) (D:13)
  2 efreet
  3 unseen horror zombies (D:9)
  An unseen horror (D:10)
  Psyche (D:10)
  8 komodo dragons
  2 kobold demonologists
  A tengu conjurer (D:10)
  4 tyrant leeches (Lair:5)
  6 trolls
  3 polar bears
  3 wind drakes
  3 meliai (D:14)
  13 merfolk
  10 hornets
  8 blink frogs
  4 slime creatures
  4 snapping turtles
  15 dream sheep
  A jumping spider (shapeshifter) (D:10)
  A wraith (D:11)
  A yak (shapeshifter) (D:14)
  5 water elementals
  45 yaks
  5 wyverns
  A fire elemental (D:13)
  4 basilisks
  9 humans (D:13)
  A steam dragon (Lair:2)
  Eustachio (D:4)
  4 vampire mosquitoes (D:10)
  A warg (Orc:2)
  4 nagas (Lair:2)
  An acid dragon (D:10)
  18 water moccasins
  2 black bears
  An ice beast (D:6)
  2 sky beasts (D:6)
  21 orc warriors
  6 ogres
  10 wolves
  18 centaurs
  A phantom (D:4)
  7 kobold brigands
  2 necrophages
  5 gnoll sergeants
  6 bullfrogs
  2 scorpions
  21 wights
  16 killer bees
  6 howler monkeys
  5 centaur zombies (D:9)
  15 orc priests
  A gnoll bouda (D:4)
  2 hounds
  3 iguanas
  18 orc wizards
  A killer bee zombie (D:9)
  Robin (D:4)
  22 gnolls
  3 adders
  A shadow imp (D:6)
  4 white imps
  An ufetubus (D:6)
  3 worms (D:3)
  2 dart slugs
  44 orcs
  8 endoplasms
  3 giant cockroaches
  12 goblins
  6 hobgoblins
  4 jackals (D:4)
  5 quokkas
  5 ball pythons
  A bat (D:3)
  7 frilled lizards
  37 kobolds
  6 rats
  2 tentacles (Shoals:1)
669 creatures vanquished.

Vanquished Creatures (collateral kills)
  Gastronok (Lair:2)
  2 hydras
  A centaur warrior (D:10)
  2 fauns (Shoals:1)
  3 elephants (Lair:3)
  A merfolk siren (Shoals:1)
  A dream sheep (Lair:3)
  2 basilisks (Lair:2)
  5 wolves (Lair:2)
  A kobold brigand (D:10)
  2 kobolds (D:10)
21 creatures vanquished.

Vanquished Creatures (others)
  A vault guard (D:13)
  A merfolk aquamancer (Shoals:1)
  35 fungi
  103 plants
  6 tentacles (Shoals:1)
  2 withered plants (D:9)
148 creatures vanquished.

Grand Total: 838 creatures vanquished

Notes
Turn   | Place    | Note
-------+----------+-------------------------------------------
     0 | D:1      | qw the Minotaur Berserker began the quest for the Orb.
     0 | D:1      | Reached XP level 1. HP: 19/19 MP: 0/0
     0 | D:1      | 0 ||| qw: Version: 0.1-a-103-gd6f5d3a
     0 | D:1      | 0 ||| qw: Game counter: 5559
     0 | D:1      | 0 ||| qw: Always use a shield: true
     0 | D:1      | 0 ||| qw: Do Orc after D:15 true
     0 | D:1      | 0 ||| qw: Do second Lair branch before Depths: true
     0 | D:1      | 0 ||| qw: Lair rune preference: random
     0 | D:1      | 0 ||| qw: Plans: Normal
     0 | D:1      | 0 ||| PLANNING D:1-11
    89 | D:1      | Found a faded altar of an unknown god.
   447 | D:1      | Reached XP level 2. HP: 26/26 MP: 1/1
   766 | D:1      | 766 ||| READING scroll labelled KUAKLU RITYAME.
   767 | D:1      | 767 ||| READING scroll labelled QOPAIDDIYCK.
  1093 | D:2      | Found a blossoming altar of Fedhas.
  1408 | D:2      | Reached XP level 3. HP: 31/31 MP: 2/2
  1476 | D:2      | 1476 ||| UPGRADING to +0 pair of gloves.
  1481 | D:2      | 1481 ||| UPGRADING to +0 ring mail.
  1491 | D:2      | 1491 ||| DROPPING +0 animal skin.
  1492 | D:2      | 1492 ||| READING 2 scrolls labelled OGEXEE MU DER.
  1495 | D:2      | 1495 ||| READING scroll labelled XODOEN SUNOOQ.
  1496 | D:2      | 1496 ||| READING scroll labelled JELEUT WIUH.
  1497 | D:2      | 1497 ||| DRINKING 2 lumpy dark potions.
  1524 | D:3      | 1524 ||| INVOKING Berserk.
  1828 | D:3      | Reached ** piety under Trog
  2025 | D:3      | 2025 ||| INVOKING Berserk.
  2460 | D:3      | 2460 ||| Stepping ~*~*~tactically~*~*~ (stealth).
  2496 | D:3      | 2496 ||| Stepping ~*~*~tactically~*~*~ (stealth).
  2498 | D:3      | 2498 ||| Stepping ~*~*~tactically~*~*~ (stealth).
  2504 | D:3      | 2504 ||| INVOKING Berserk.
  2509 | D:3      | Reached XP level 4. HP: 39/39 MP: 3/3
  2735 | D:3      | Reached skill level 6 in Axes
  2840 | D:3      | 2840 ||| UPGRADING to amulet of regeneration.
  2845 | D:3      | 2845 ||| UPGRADING to +6 ring of strength.
  2846 | D:3      | 2846 ||| READING scroll labelled HAMEGE CIXZOC.
  2847 | D:3      | 2847 ||| READING scroll labelled ECLEKENUHO.
  2848 | D:3      | 2848 ||| DRINKING 2 viscous brown potions.
  2949 | D:3      | 2949 ||| DROPPING potion of ambrosia.
  2993 | D:4      | 2993 ||| INVOKING Berserk.
  3003 | D:4      | 3003 ||| Stepping ~*~*~tactically~*~*~ (stealth).
  3013 | D:4      | Reached XP level 5. HP: 32/45 MP: 4/4
  3043 | D:4      | 3043 ||| INVOKING Berserk.
  3168 | D:4      | Noticed a phantom
  3180 | D:4      | Killed a phantom
  3183 | D:4      | 3183 ||| DROPPING +0 mace.
  3298 | D:4      | Noticed Robin
  3301 | D:4      | 3301 ||| Stepping ~*~*~tactically~*~*~ (hiding).
  3304 | D:4      | 3304 ||| INVOKING Berserk.
  3307 | D:4      | Killed Robin
  3315 | D:4      | Reached XP level 6. HP: 52/52 MP: 5/5
  3462 | D:4      | 3462 ||| INVOKING Berserk.
  3689 | D:4      | Noticed Eustachio
  3696 | D:4      | 3696 ||| INVOKING Berserk.
  3702 | D:4      | Killed Eustachio
  3703 | D:4      | Reached skill level 9 in Axes
  3703 | D:4      | Reached XP level 7. HP: 59/59 MP: 6/6
  3870 | D:4      | 3870 ||| Stepping ~*~*~tactically~*~*~ (stealth).
  3882 | D:4      | 3882 ||| Stepping ~*~*~tactically~*~*~ (stealth).
  3991 | D:4      | 3991 ||| INVOKING Berserk.
  4145 | D:4      | Identified the +1 ring mail "Isuunna" {rN+ Str-5 Int+4
                  | Dex+3}
  4146 | D:4      | 4146 ||| SWAPPING to +0 war axe.
  4147 | D:4      | 4147 ||| DROPPING +1 hand axe.
  4221 | D:4      | 4221 ||| UPGRADING to +0 plate armour.
  4231 | D:4      | 4231 ||| DROPPING +0 ring mail.
  4232 | D:4      | 4232 ||| READING scroll labelled FATEC SIMAIDENK.
  4233 | D:4      | 4233 ||| DRINKING 3 golden potions.
  4338 | D:4      | 4338 ||| DRINKING 2 sedimented green potions.
  4359 | D:4      | 4359 ||| DROPPING 2 potions of berserk rage.
  4360 | D:4      | 4360 ||| DROPPING potion of lignification.
  4374 | D:5      | Entered Level 5 of the Dungeon
  4431 | D:5      | 4431 ||| FLEEEEING.
  4448 | D:5      | Reached skill level 3 in Armour
  4603 | D:5      | 4603 ||| Stepping ~*~*~tactically~*~*~ (stealth).
  4609 | D:5      | 4609 ||| Stepping ~*~*~tactically~*~*~ (stealth).
  4613 | D:5      | Reached *** piety under Trog
  4622 | D:5      | 4622 ||| Stepping ~*~*~tactically~*~*~ (stealth).
  4676 | D:5      | 4676 ||| READING 2 scrolls of enchant weapon.
  4676 | D:5      | 4676 ||| ENCHANTING +0 war axe.
  4677 | D:5      | 4677 ||| READING scroll of enchant weapon.
  4677 | D:5      | 4677 ||| ENCHANTING +1 war axe.
  4776 | D:5      | 4776 ||| Stepping ~*~*~tactically~*~*~ (hiding).
  5293 | D:5      | 5293 ||| DRINKING 2 puce potions.
  5329 | D:6      | 5329 ||| Stepping ~*~*~tactically~*~*~ (stealth).
  5340 | D:6      | 5340 ||| Stepping ~*~*~tactically~*~*~ (stealth).
  5343 | D:6      | 5343 ||| Stepping ~*~*~tactically~*~*~ (stealth).
  5422 | D:6      | 5422 ||| Stepping ~*~*~tactically~*~*~ (stealth).
  5425 | D:6      | 5425 ||| Stepping ~*~*~tactically~*~*~ (hiding).
  5440 | D:6      | Reached XP level 8. HP: 65/70 MP: 7/7
  5442 | D:6      | Reached skill level 6 in Fighting
  5567 | D:6      | 5567 ||| Stepping ~*~*~tactically~*~*~ (stealth).
  5575 | D:6      | 5575 ||| Stepping ~*~*~tactically~*~*~ (stealth).
  5576 | D:6      | 5576 ||| INVOKING Berserk.
  5774 | D:6      | 5774 ||| Stepping ~*~*~tactically~*~*~ (stealth).
  5799 | D:6      | 5799 ||| Stepping ~*~*~tactically~*~*~ (stealth).
  5935 | D:6      | Found a bloodstained altar of Trog.
  6079 | D:6      | Reached skill level 12 in Axes
  6120 | D:6      | 6120 ||| Stepping ~*~*~tactically~*~*~ (stealth).
  6125 | D:6      | 6125 ||| Stepping ~*~*~tactically~*~*~ (hiding).
  6126 | D:6      | 6126 ||| Stepping ~*~*~tactically~*~*~ (hiding).
  6190 | D:6      | 6190 ||| Stepping ~*~*~tactically~*~*~ (stealth).
  6298 | D:6      | 6298 ||| READING 2 scrolls labelled OSAQUO JEAM.
  6299 | D:6      | 6299 ||| READING scroll of enchant armour.
  6299 | D:6      | 6299 ||| ENCHANTING +0 pair of gloves.
  6300 | D:6      | 6300 ||| DRINKING 2 red potions.
  6301 | D:6      | 6301 ||| READING 3 scrolls of identify.
  6301 | D:6      | 6301 ||| IDENTIFYING fizzy black potion
  6302 | D:6      | 6302 ||| READING 2 scrolls of identify.
  6302 | D:6      | 6302 ||| IDENTIFYING fuming silvery potion
  6303 | D:6      | 6303 ||| DROPPING potion of brilliance.
  6304 | D:6      | 6304 ||| DROPPING potion of degeneration.
  6350 | D:7      | Reached XP level 9. HP: 49/79 MP: 8/8
  6364 | D:7      | Reached skill level 6 in Armour
  6463 | D:7      | 6463 ||| READING scroll of enchant armour.
  6463 | D:7      | 6463 ||| ENCHANTING +1 pair of gloves.
  6483 | D:7      | Reached **** piety under Trog
  6627 | D:7      | Found a staircase to the Ecumenical Temple.
  6830 | D:7      | Reached skill level 3 in Dodging
  6874 | D:7      | 6874 ||| Stepping ~*~*~tactically~*~*~ (hiding).
  6877 | D:7      | 6877 ||| Stepping ~*~*~tactically~*~*~ (hiding).
  6892 | D:7      | 6892 ||| Stepping ~*~*~tactically~*~*~ (stealth).
  6894 | D:7      | 6894 ||| Stepping ~*~*~tactically~*~*~ (hiding).
  6939 | D:7      | 6939 ||| Stepping ~*~*~tactically~*~*~ (hiding).
  7405 | D:7      | 7405 ||| READING scroll labelled NEDOABR ZAFREU.
  7614 | D:8      | Reached skill level 1 in Throwing
  7614 | D:8      | Reached XP level 10. HP: 79/88 MP: 9/9
  7673 | D:8      | Noticed Grum
  7701 | D:8      | Found a transporter.
  7739 | D:8      | Noticed a boulder beetle
  7755 | D:8      | 7755 ||| INVOKING Berserk.
  7761 | D:8      | 7761 ||| FLEEEEING.
  7775 | D:8      | Killed a boulder beetle
  7776 | D:8      | 7776 ||| FLEEEEING.
  7789 | D:8      | Noticed qw's ghost (novice TrCA)
  7938 | D:8      | Reached skill level 15 in Axes
  7940 | D:8      | 7940 ||| DROPPING +0 flail.
  7965 | D:8      | Found a sacrificial altar of Ru.
  7968 | D:8      | Found a glowing golden altar of the Shining One.
  8006 | D:8      | Identified the ring "Rupankett" {Will+ Str+6}
  8010 | D:8      | Found a transporter.
  8220 | D:8      | 8220 ||| DROPPING amulet of the acrobat.
  8221 | D:8      | 8221 ||| UPGRADING to ring of see invisible.
  8222 | D:8      | 8222 ||| READING scroll labelled GUXKAF YXKEUN.
  8223 | D:8      | 8223 ||| READING 3 scrolls of identify.
  8223 | D:8      | 8223 ||| IDENTIFYING green potion
  8224 | D:8      | 8224 ||| READING 2 scrolls of identify.
  8224 | D:8      | 8224 ||| IDENTIFYING amethyst potion
  8225 | D:8      | 8225 ||| DROPPING potion of attraction.
  8226 | D:8      | 8226 ||| READING 5 scrolls of teleportation.
  8273 | D:9      | Reached skill level 9 in Fighting
  8546 | D:9      | Noticed Joseph
  8547 | D:9      | 8547 ||| Stepping ~*~*~tactically~*~*~ (hiding).
  8554 | D:9      | Killed Joseph
  8720 | D:9      | 8720 ||| Stepping ~*~*~tactically~*~*~ (stealth).
  8747 | D:9      | 8747 ||| Stepping ~*~*~tactically~*~*~ (stealth).
  8749 | D:9      | 8749 ||| Stepping ~*~*~tactically~*~*~ (stealth).
  8751 | D:9      | 8751 ||| Stepping ~*~*~tactically~*~*~ (stealth).
  8786 | D:9      | 8786 ||| Stepping ~*~*~tactically~*~*~ (hiding).
  8787 | D:9      | 8787 ||| Stepping ~*~*~tactically~*~*~ (hiding).
  8789 | D:9      | 8789 ||| Stepping ~*~*~tactically~*~*~ (hiding).
  8811 | D:9      | Noticed a gargoyle
  8823 | D:9      | Killed a gargoyle
  9015 | D:9      | Reached ***** piety under Trog
  9083 | D:9      | 9083 ||| DROPPING amulet of magic regeneration.
  9084 | D:9      | 9084 ||| DRINKING 2 metallic yellow potions.
  9085 | D:9      | 9085 ||| READING 2 scrolls of identify.
  9085 | D:9      | 9085 ||| IDENTIFYING smoky emerald potion
  9086 | D:9      | 9086 ||| DROPPING potion of flight.
  9108 | D:10     | Entered Level 10 of the Dungeon
  9110 | D:10     | 9110 ||| INVOKING Berserk.
  9252 | D:10     | Reached XP level 11. HP: 96/99 MP: 10/10
  9374 | D:10     | Found a blossoming altar of Fedhas.
  9406 | D:10     | Noticed Psyche
  9410 | D:10     | 9410 ||| INVOKING Berserk.
  9413 | D:10     | Killed Psyche
  9593 | D:10     | Reached skill level 9 in Armour
  9694 | D:10     | 9694 ||| Stepping ~*~*~tactically~*~*~ (stealth).
  9708 | D:10     | 9708 ||| INVOKING Berserk.
  9716 | D:10     | 9716 ||| Stepping ~*~*~tactically~*~*~ (stealth).
  9718 | D:10     | 9718 ||| Stepping ~*~*~tactically~*~*~ (stealth).
  9726 | D:10     | 9726 ||| INVOKING Brothers in Arms.
  9798 | D:10     | 9798 ||| Stepping ~*~*~tactically~*~*~ (stealth).
  9811 | D:10     | Noticed a centaur warrior
  9817 | D:10     | 9817 ||| INVOKING Berserk.
  9821 | D:10     | Killed a centaur warrior
  9823 | D:10     | Noticed a centaur warrior
  9826 | D:10     | Killed a centaur warrior
  9827 | D:10     | Reached skill level 12 in Fighting
  9830 | D:10     | 9830 ||| INVOKING Brothers in Arms.
  9836 | D:10     | Noticed a centaur warrior
  9838 | D:10     | Killed a centaur warrior
  9840 | D:10     | Noticed a boulder beetle
  9845 | D:10     | HP: 26/105 [poisoned by a kobold]
  9846 | D:10     | 9846 ||| READING 4 scrolls of teleportation.
  9847 | D:10     | 9847 ||| DRINKING potion of heal wounds.
  9863 | D:10     | 9863 ||| INVOKING Berserk.
  9866 | D:10     | Killed a boulder beetle
 10016 | D:10     | Identified the +6 long sword of Optimality {drain, rPois
                  | rCorr Str-2 Dex+4}
 10026 | D:10     | 10026 ||| DROPPING +0 morningstar.
 10034 | D:10     | Identified the +11 dagger "Blob" {elec, Fragile Will+++
                  | Str+6 Int-3}
 10182 | D:10     | Noticed a two-headed ogre
 10184 | D:10     | 10184 ||| INVOKING Berserk.
 10190 | D:10     | Killed a two-headed ogre
 10333 | D:10     | 10333 ||| INVOKING Berserk.
 10537 | D:10     | Found a staircase to the Orcish Mines.
 10538 | D:10     | 10538 ||| INVOKING Berserk.
 10544 | D:10     | Reached XP level 12. HP: 115/115 MP: 11/11
 10564 | D:10     | Reached skill level 3 in Throwing
 10857 | D:10     | 10857 ||| UPGRADING to +1 cloak of preservation.
 10862 | D:10     | 10862 ||| UPGRADING to +0 buckler.
 10867 | D:10     | 10867 ||| UPGRADING to +2 buckler.
 10877 | D:10     | 10877 ||| DROPPING +0 buckler.
 10878 | D:10     | 10878 ||| READING scroll labelled XOTIEL IJEHUITT.
 10878 | D:10     | Identified a scroll of acquirement
 10878 | D:10     | 10878 ||| ACQUIRING +0 buckler of the Ethereal God
                  | {*Corrode rN+ Int+6 SInv}
 10878 | D:10     | Acquired the +0 buckler of the Ethereal God {*Corrode rN+
                  | Int+6 SInv}
 10980 | D:11     | Found the +4 robe of Augmentation {Str+4 Int+4 Dex+4}
 11028 | D:11     | Reached skill level 1 in Shields
 11038 | D:11     | 11038 ||| READING scroll of enchant armour.
 11038 | D:11     | 11038 ||| ENCHANTING +1 cloak of preservation.
 11104 | D:11     | Found a staircase to the Lair.
 11145 | D:11     | You fall into a shaft and drop 3 floors!
 11159 | D:14     | Noticed a boulder beetle
 11164 | D:14     | 11164 ||| INVOKING Berserk.
 11171 | D:14     | Killed a boulder beetle
 11172 | D:14     | Reached skill level 3 in Shields
 11359 | D:14     | Noticed a centaur warrior
 11360 | D:14     | 11360 ||| Stepping ~*~*~tactically~*~*~ (hiding).
 11361 | D:14     | 11361 ||| SWAPPING to +0 broad axe.
 11373 | D:14     | Killed a centaur warrior
 11379 | D:14     | 11379 ||| DROPPING +2 war axe.
 11405 | D:14     | Reached skill level 6 in Shields
 11460 | D:14     | 11460 ||| DROPPING +0 buckler of the Ethereal God {*Corrode
                  | rN+ Int+6 SInv}.
 11461 | D:14     | 11461 ||| UPGRADING to +0 tower shield.
 11471 | D:14     | 11471 ||| DROPPING +2 buckler.
 11472 | D:14     | 11472 ||| READING scroll labelled QASAFR LUCAUS.
 11473 | D:14     | 11473 ||| READING 2 scrolls of identify.
 11473 | D:14     | 11473 ||| IDENTIFYING black potion
 11585 | D:12     | Noticed a centaur warrior
 11597 | D:12     | Killed a centaur warrior
 11774 | D:12     | 11774 ||| READING 2 scrolls of identify.
 11774 | D:12     | 11774 ||| IDENTIFYING metallic white potion
 11775 | D:12     | 11775 ||| DROPPING potion of magic.
 11897 | D:11     | 11897 ||| Stepping ~*~*~tactically~*~*~ (stealth).
 12259 | D:11     | 12259 ||| PLANNING LAIR
 12305 | Lair:1   | Entered Level 1 of the Lair of Beasts
 12531 | Lair:1   | 12531 ||| Stepping ~*~*~tactically~*~*~ (stealth).
 12532 | Lair:1   | 12532 ||| Stepping ~*~*~tactically~*~*~ (stealth).
 12549 | Lair:1   | 12549 ||| Stepping ~*~*~tactically~*~*~ (stealth).
 12551 | Lair:1   | 12551 ||| Stepping ~*~*~tactically~*~*~ (stealth).
 12553 | Lair:1   | Reached skill level 9 in Shields
 12564 | Lair:1   | 12564 ||| INVOKING Berserk.
 12699 | Lair:1   | 12699 ||| INVOKING Berserk.
 12849 | Lair:1   | 12849 ||| Stepping ~*~*~tactically~*~*~ (stealth).
 12852 | Lair:1   | 12852 ||| Stepping ~*~*~tactically~*~*~ (stealth).
 13364 | Lair:1   | 13364 ||| Stepping ~*~*~tactically~*~*~ (stealth).
 13365 | Lair:1   | 13365 ||| Stepping ~*~*~tactically~*~*~ (stealth).
 13366 | Lair:1   | 13366 ||| Stepping ~*~*~tactically~*~*~ (stealth).
 13367 | Lair:1   | 13367 ||| Stepping ~*~*~tactically~*~*~ (stealth).
 13376 | Lair:1   | 13376 ||| INVOKING Berserk.
 13566 | Lair:2   | 13566 ||| STAIRDANCE
 13575 | Lair:2   | 13575 ||| STAIRDANCE
 13620 | Lair:2   | Found a staircase to the Shoals.
 13623 | Lair:2   | 13623 ||| INVOKING Berserk.
 13629 | Lair:2   | Noticed Gastronok
 13640 | Lair:2   | 13640 ||| INVOKING Brothers in Arms.
 13644 | Lair:2   | Killed Gastronok
 13645 | Lair:2   | Reached skill level 12 in Shields
 13645 | Lair:2   | Reached XP level 13. HP: 97/122 MP: 12/12
 13657 | Lair:2   | Received a gift from Trog
 13676 | Lair:2   | 13676 ||| SWAPPING to +2 antimagic broad axe.
 13677 | Lair:2   | 13677 ||| DROPPING +0 broad axe.
 13686 | Lair:2   | Noticed Nergalle
 13695 | Lair:2   | 13695 ||| INVOKING Berserk.
 13703 | Lair:2   | Killed Nergalle
 13844 | Lair:2   | 13844 ||| Stepping ~*~*~tactically~*~*~ (hiding).
 13849 | Lair:2   | Found a staircase to the Snake Pit.
 13865 | Lair:2   | 13865 ||| INVOKING Berserk.
 13928 | Lair:2   | You fall into a shaft and drop 1 floor!
 13987 | Lair:3   | 13987 ||| Stepping ~*~*~tactically~*~*~ (stealth).
 13993 | Lair:3   | 13993 ||| Stepping ~*~*~tactically~*~*~ (stealth).
 13994 | Lair:3   | 13994 ||| Stepping ~*~*~tactically~*~*~ (stealth).
 14100 | Lair:3   | 14100 ||| DROPPING +2 pair of gloves.
 14101 | Lair:3   | 14101 ||| UPGRADING to +3 hat of Pondering {ponderous,
                  | Will+ MP+10 Int+5}.
 14229 | Lair:2   | 14229 ||| DROPPING +2 war axe of venom.
 14280 | Lair:2   | 14280 ||| Stepping ~*~*~tactically~*~*~ (cloud).
 14284 | Lair:2   | 14284 ||| INVOKING Berserk.
 14293 | Lair:2   | 14293 ||| Stepping ~*~*~tactically~*~*~ (cloud).
 14837 | Lair:2   | 14837 ||| READING scroll labelled LIZXEU HIOTU.
 14938 | Lair:2   | 14938 ||| READING scroll labelled UNURHE NUDD.
 15042 | Lair:3   | 15042 ||| INVOKING Brothers in Arms.
 15043 | Lair:3   | 15043 ||| SWAPPING to +1 vorpal morningstar.
 15044 | Lair:3   | 15044 ||| INVOKING Berserk.
 15058 | Lair:3   | 15058 ||| SWAPPING to +2 antimagic broad axe.
 15154 | Lair:3   | 15154 ||| FLEEEEING.
 15155 | Lair:3   | 15155 ||| FLEEEEING.
 15156 | Lair:3   | 15156 ||| FLEEEEING.
 15157 | Lair:3   | 15157 ||| FLEEEEING.
 15158 | Lair:3   | 15158 ||| FLEEEEING.
 15159 | Lair:3   | 15159 ||| FLEEEEING.
 15160 | Lair:3   | 15160 ||| FLEEEEING.
 15161 | Lair:3   | 15161 ||| FLEEEEING.
 15162 | Lair:3   | 15162 ||| FLEEEEING.
 15163 | Lair:3   | 15163 ||| STAIRDANCE
 15270 | Lair:3   | 15270 ||| STAIRDANCE
 15748 | Lair:3   | 15748 ||| DROPPING +1 cloak.
 15772 | Lair:4   | 15772 ||| STAIRDANCE
 15781 | Lair:4   | 15781 ||| STAIRDANCE
 15782 | Lair:4   | 15782 ||| STAIRDANCE
 15784 | Lair:3   | 15784 ||| INVOKING Brothers in Arms.
 15785 | Lair:3   | 15785 ||| SWAPPING to +1 vorpal morningstar.
 15786 | Lair:3   | 15786 ||| INVOKING Berserk.
 15851 | Lair:3   | 15851 ||| SWAPPING to +2 antimagic broad axe.
 15855 | Lair:4   | 15855 ||| STAIRDANCE
 15888 | Lair:4   | 15888 ||| STAIRDANCE
 15890 | Lair:3   | 15890 ||| INVOKING Berserk.
 16007 | Lair:4   | 16007 ||| STAIRDANCE
 16094 | Lair:4   | 16094 ||| Stepping ~*~*~tactically~*~*~ (stealth).
 16151 | Lair:4   | Found a staircase to the Slime Pits.
 16183 | Lair:4   | 16183 ||| INVOKING Berserk.
 16311 | Lair:4   | 16311 ||| Stepping ~*~*~tactically~*~*~ (hiding).
 16312 | Lair:4   | 16312 ||| Stepping ~*~*~tactically~*~*~ (hiding).
 16313 | Lair:4   | 16313 ||| Stepping ~*~*~tactically~*~*~ (hiding).
 16511 | Lair:4   | Reached skill level 15 in Shields
 16512 | Lair:4   | 16512 ||| INVOKING Berserk.
 16720 | Lair:4   | 16720 ||| INVOKING Berserk.
 16838 | Lair:4   | Found a runed translucent gate.
 16840 | Lair:4   | 16840 ||| INVOKING Brothers in Arms.
 16841 | Lair:4   | 16841 ||| INVOKING Brothers in Arms.
 16842 | Lair:4   | 16842 ||| INVOKING Brothers in Arms.
 16843 | Lair:4   | 16843 ||| INVOKING Brothers in Arms.
 16844 | Lair:4   | 16844 ||| SWAPPING to +1 vorpal morningstar.
 16845 | Lair:4   | 16845 ||| INVOKING Berserk.
 16857 | Lair:4   | 16857 ||| SWAPPING to +2 antimagic broad axe.
 16958 | Lair:4   | Found a runed translucent gate.
 16959 | Lair:4   | Found a runed translucent gate.
 16960 | Lair:4   | Noticed a minotaur
 16962 | Lair:4   | Noticed qw's ghost (journeyman TrCA)
 17458 | Lair:4   | 17458 ||| DROPPING +0 chain mail of willpower.
 17459 | Lair:4   | 17459 ||| UPGRADING to +4 ring of slaying {mikee}.
 17461 | Lair:4   | 17461 ||| READING 5 scrolls of identify.
 17461 | Lair:4   | 17461 ||| IDENTIFYING fuming black potion
 17462 | Lair:4   | 17462 ||| DROPPING potion of invisibility.
 17484 | Lair:5   | Entered Level 5 of the Lair of Beasts
 17485 | Lair:5   | 17485 ||| STAIRDANCE
 17533 | Lair:5   | 17533 ||| STAIRDANCE
 17594 | Lair:5   | 17594 ||| STAIRDANCE
 17640 | Lair:5   | 17640 ||| STAIRDANCE
 17642 | Lair:4   | 17642 ||| INVOKING Berserk.
 17802 | Lair:5   | 17802 ||| STAIRDANCE
 17808 | Lair:4   | Reached XP level 14. HP: 126/129 MP: 7/13
 17855 | Lair:5   | Reached skill level 18 in Axes
 17889 | Lair:5   | 17889 ||| INVOKING Brothers in Arms.
 17890 | Lair:5   | 17890 ||| INVOKING Brothers in Arms.
 17891 | Lair:5   | 17891 ||| INVOKING Brothers in Arms.
 17892 | Lair:5   | 17892 ||| INVOKING Brothers in Arms.
 17893 | Lair:5   | 17893 ||| INVOKING Brothers in Arms.
 17894 | Lair:5   | 17894 ||| INVOKING Brothers in Arms.
 17895 | Lair:5   | 17895 ||| INVOKING Brothers in Arms.
 17896 | Lair:5   | 17896 ||| INVOKING Brothers in Arms.
 17897 | Lair:5   | 17897 ||| INVOKING Brothers in Arms.
 17898 | Lair:5   | 17898 ||| SWAPPING to +1 vorpal morningstar.
 17899 | Lair:5   | 17899 ||| INVOKING Berserk.
 17907 | Lair:5   | 17907 ||| SWAPPING to +2 antimagic broad axe.
 18050 | Lair:5   | 18050 ||| Stepping ~*~*~tactically~*~*~ (stealth).
 18092 | Lair:5   | 18092 ||| FLEEEEING.
 18165 | Lair:5   | Identified the +2 lajatang of Incongruity {vorpal, *Rage
                  | Dex+8}
 18426 | Lair:5   | Found a runed translucent door.
 18428 | Lair:5   | 18428 ||| INVOKING Berserk.
 18554 | Lair:5   | 18554 ||| Stepping ~*~*~tactically~*~*~ (stealth).
 18561 | Lair:5   | 18561 ||| INVOKING Berserk.
 18587 | Lair:5   | 18587 ||| Stepping ~*~*~tactically~*~*~ (stealth).
 18611 | Lair:5   | 18611 ||| Stepping ~*~*~tactically~*~*~ (stealth).
 18612 | Lair:5   | 18612 ||| Stepping ~*~*~tactically~*~*~ (stealth).
 18613 | Lair:5   | 18613 ||| Stepping ~*~*~tactically~*~*~ (stealth).
 18726 | Lair:5   | 18726 ||| Stepping ~*~*~tactically~*~*~ (stealth).
 18730 | Lair:5   | 18730 ||| INVOKING Berserk.
 18878 | Lair:5   | 18878 ||| FLEEEEING.
 18879 | Lair:5   | 18879 ||| FLEEEEING.
 18881 | Lair:5   | 18881 ||| FLEEEEING.
 18885 | Lair:5   | 18885 ||| INVOKING Berserk.
 19359 | Lair:5   | 19359 ||| DROPPING amulet of faith.
 19360 | Lair:5   | 19360 ||| PLANNING D
 19360 | Lair:5   | 19360 ||| DROPPING +6 ring of intelligence.
 19361 | Lair:5   | 19361 ||| DROPPING ring of protection from cold.
 19498 | D:12     | 19498 ||| STAIRDANCE
 19585 | D:12     | 19585 ||| INVOKING Berserk.
 19727 | D:12     | 19727 ||| Stepping ~*~*~tactically~*~*~ (stealth).
 19728 | D:12     | 19728 ||| INVOKING Brothers in Arms.
 19730 | D:12     | 19730 ||| SWAPPING to +1 vorpal morningstar.
 19731 | D:12     | 19731 ||| INVOKING Berserk.
 19744 | D:12     | 19744 ||| SWAPPING to +2 antimagic broad axe.
 20063 | D:12     | 20063 ||| Stepping ~*~*~tactically~*~*~ (hiding).
 20475 | D:13     | 20475 ||| Stepping ~*~*~tactically~*~*~ (hiding).
 20476 | D:13     | 20476 ||| Stepping ~*~*~tactically~*~*~ (hiding).
 20477 | D:13     | 20477 ||| Stepping ~*~*~tactically~*~*~ (hiding).
 20478 | D:13     | 20478 ||| Stepping ~*~*~tactically~*~*~ (hiding).
 20530 | D:13     | 20530 ||| Stepping ~*~*~tactically~*~*~ (hiding).
 20532 | D:13     | 20532 ||| Stepping ~*~*~tactically~*~*~ (hiding).
 20533 | D:13     | 20533 ||| Stepping ~*~*~tactically~*~*~ (hiding).
 20534 | D:13     | 20534 ||| INVOKING Berserk.
 20541 | D:13     | Reached skill level 12 in Armour
 20653 | D:13     | 20653 ||| INVOKING Berserk.
 20671 | D:13     | 20671 ||| INVOKING Brothers in Arms.
 20672 | D:13     | 20672 ||| SWAPPING to +1 vorpal morningstar.
 20673 | D:13     | 20673 ||| SWAPPING to +2 antimagic broad axe.
 20886 | D:13     | Noticed Nessos
 20889 | D:13     | 20889 ||| INVOKING Berserk.
 20900 | D:13     | HP: 45/193 [centaur[a centaur warrior] (4)]
 20904 | D:13     | HP: 20/129 [poisoned by Nessos]
 20905 | D:13     | 20905 ||| READING 5 scrolls of teleportation.
 20906 | D:13     | 20906 ||| DRINKING potion of heal wounds.
 20909 | D:13     | HP: 28/129 [poisoned by Nessos]
 21057 | D:13     | Found a gate to the Vaults.
 21182 | D:13     | 21182 ||| Stepping ~*~*~tactically~*~*~ (stealth).
 21217 | D:13     | Identified the +1 leather armour "Neretafu" {SInv}
 21220 | D:13     | 21220 ||| Stepping ~*~*~tactically~*~*~ (hiding).
 21228 | D:13     | Killed Nessos
 21246 | D:13     | 21246 ||| Stepping ~*~*~tactically~*~*~ (stealth).
 21265 | D:13     | 21265 ||| READING scroll of enchant armour.
 21265 | D:13     | 21265 ||| ENCHANTING +0 plate armour.
 21360 | D:13     | 21360 ||| Stepping ~*~*~tactically~*~*~ (hiding).
 21362 | D:13     | 21362 ||| Stepping ~*~*~tactically~*~*~ (hiding).
 21363 | D:13     | 21363 ||| Stepping ~*~*~tactically~*~*~ (hiding).
 21364 | D:13     | 21364 ||| Stepping ~*~*~tactically~*~*~ (hiding).
 21368 | D:13     | 21368 ||| Stepping ~*~*~tactically~*~*~ (hiding).
 21542 | D:13     | 21542 ||| Stepping ~*~*~tactically~*~*~ (hiding).
 21574 | D:13     | Noticed Erolcha
 21575 | D:13     | 21575 ||| Stepping ~*~*~tactically~*~*~ (hiding).
 21576 | D:13     | 21576 ||| INVOKING Trog's Hand.
 21578 | D:13     | 21578 ||| INVOKING Berserk.
 21584 | D:13     | Killed Erolcha
 21585 | D:13     | Reached skill level 18 in Shields
 21755 | D:13     | Found a portal to a secret trove of treasure.
 21840 | D:13     | 21840 ||| INVOKING Brothers in Arms.
 21841 | D:13     | 21841 ||| INVOKING Brothers in Arms.
 21842 | D:13     | 21842 ||| INVOKING Brothers in Arms.
 21843 | D:13     | 21843 ||| INVOKING Brothers in Arms.
 21844 | D:13     | 21844 ||| SWAPPING to +1 vorpal morningstar.
 21845 | D:13     | 21845 ||| INVOKING Berserk.
 21856 | D:13     | 21856 ||| SWAPPING to +2 antimagic broad axe.
 22025 | D:13     | 22025 ||| READING scroll labelled NELUTW LALLAK.
 22142 | D:14     | Noticed Frances
 22143 | D:14     | 22143 ||| Stepping ~*~*~tactically~*~*~ (hiding).
 22144 | D:14     | 22144 ||| INVOKING Berserk.
 22154 | D:14     | Killed Frances
 22362 | D:14     | Reached skill level 6 in Dodging
 22605 | D:15     | Entered Level 15 of the Dungeon
 22627 | D:15     | Reached XP level 15. HP: 138/138 MP: 8/14
 22686 | D:15     | 22686 ||| INVOKING Berserk.
 22701 | D:15     | Found a white marble altar of Elyvilon.
 22819 | D:15     | Found a glowing silver altar of Zin.
 22820 | D:15     | Found a glowing golden altar of the Shining One.
 23151 | D:15     | Found a staircase to the Depths.
 23152 | D:15     | 23152 ||| INVOKING Berserk.
 23288 | D:15     | 23288 ||| Stepping ~*~*~tactically~*~*~ (stealth).
 23372 | D:15     | 23372 ||| PLANNING ORC
 23372 | D:15     | 23372 ||| READING scroll labelled HOXILEOFUG.
 23472 | Orc:1    | Entered Level 1 of the Orcish Mines
 23494 | Orc:1    | 23494 ||| Stepping ~*~*~tactically~*~*~ (stealth).
 23616 | Orc:1    | Noticed Kisosi's ghost (journeyman DDFi)
 23634 | Orc:1    | Found a runed translucent gate.
 23729 | Orc:1    | Found Ycloz's Book Emporium.
 23851 | Orc:1    | Found a runed translucent gate.
 23851 | Orc:1    | Found a runed translucent gate.
 23853 | Orc:1    | You fall into a shaft and drop 1 floor!
 23853 | Orc:2    | Entered Level 2 of the Orcish Mines
 23939 | Orc:2    | Found a frozen archway.
 23975 | Orc:2    | Found a staircase to the Elven Halls.
 24006 | Orc:2    | 24006 ||| Stepping ~*~*~tactically~*~*~ (stealth).
 24008 | Orc:2    | 24008 ||| Stepping ~*~*~tactically~*~*~ (hiding).
 24020 | Orc:2    | 24020 ||| Stepping ~*~*~tactically~*~*~ (hiding).
 24021 | Orc:2    | 24021 ||| Stepping ~*~*~tactically~*~*~ (hiding).
 24029 | Orc:2    | 24029 ||| INVOKING Berserk.
 24037 | Orc:2    | Reached skill level 6 in Throwing
 24158 | Orc:2    | 24158 ||| Stepping ~*~*~tactically~*~*~ (stealth).
 24160 | Orc:2    | 24160 ||| Stepping ~*~*~tactically~*~*~ (hiding).
 24167 | Orc:2    | 24167 ||| Stepping ~*~*~tactically~*~*~ (stealth).
 24269 | Orc:2    | 24269 ||| Stepping ~*~*~tactically~*~*~ (hiding).
 24274 | Orc:2    | 24274 ||| INVOKING Trog's Hand.
 24275 | Orc:2    | 24275 ||| INVOKING Berserk.
 24288 | Orc:2    | 24288 ||| Stepping ~*~*~tactically~*~*~ (stealth).
 24395 | Orc:2    | Noticed an orc warlord
 24397 | Orc:2    | 24397 ||| INVOKING Berserk.
 24407 | Orc:2    | Killed an orc warlord
 24447 | Orc:2    | 24447 ||| FLEEEEING.
 24448 | Orc:2    | 24448 ||| FLEEEEING.
 24449 | Orc:2    | 24449 ||| FLEEEEING.
 24450 | Orc:2    | 24450 ||| FLEEEEING.
 24451 | Orc:2    | 24451 ||| FLEEEEING.
 24452 | Orc:2    | 24452 ||| FLEEEEING.
 24453 | Orc:2    | 24453 ||| FLEEEEING.
 24454 | Orc:2    | 24454 ||| FLEEEEING.
 24455 | Orc:2    | 24455 ||| FLEEEEING.
 24456 | Orc:2    | 24456 ||| FLEEEEING.
 24457 | Orc:2    | 24457 ||| FLEEEEING.
 24458 | Orc:2    | 24458 ||| FLEEEEING.
 24459 | Orc:2    | 24459 ||| FLEEEEING.
 24460 | Orc:2    | 24460 ||| FLEEEEING.
 24524 | Orc:2    | Found Xyling's Jewellery Emporium.
 24540 | Orc:2    | 24540 ||| BUYING amulet of reflection (450 gold).
 24540 | Orc:2    | Bought an amulet of reflection for 450 gold pieces
 24633 | Orc:2    | Found Raitzi's General Store.
 24639 | Orc:2    | 24639 ||| BUYING scroll of identify (28 gold).
 24639 | Orc:2    | Bought a scroll of identify for 28 gold pieces
 24793 | Orc:2    | Found Doqout's General Store.
 24808 | Orc:2    | 24808 ||| BUYING -2 hat of the Alchemist {rElec rPois rF+
                  | rC+ rN+ Will+ rMut rCorr} (613 gold).
 24808 | Orc:2    | Bought the -2 hat of the Alchemist {rElec rPois rF+ rC+ rN+
                  | Will+ rMut rCorr} for 613 gold pieces
 24808 | Orc:2    | Found the -2 hat of the Alchemist {rElec rPois rF+ rC+ rN+
                  | Will+ rMut rCorr}
 24808 | Orc:2    | 24808 ||| BUYING scroll of identify (26 gold).
 24808 | Orc:2    | Bought a scroll of identify for 26 gold pieces
 24865 | Orc:2    | Found Imyxtaacs's Antique Armour Emporium.
 24871 | Orc:2    | 24871 ||| BUYING pair of embroidered gloves (247 gold).
 24871 | Orc:2    | Bought a pair of embroidered gloves for 247 gold pieces
 24871 | Orc:2    | 24871 ||| BUYING pair of runed gloves (247 gold).
 24871 | Orc:2    | Bought a pair of runed gloves for 247 gold pieces
 24881 | Orc:2    | Found Vias's Antique Weapon Emporium.
 24887 | Orc:2    | 24887 ||| BUYING runed morningstar (245 gold).
 24887 | Orc:2    | Bought a runed morningstar for 245 gold pieces
 24887 | Orc:2    | 24887 ||| DROPPING +1 vorpal morningstar.
 25031 | Orc:2    | 25031 ||| PLANNING SHOALS:1-3
 25031 | Orc:2    | 25031 ||| UPGRADING to -2 hat of the Alchemist {rElec rPois
                  | rF+ rC+ rN+ Will+ rMut rCorr}.
 25041 | Orc:2    | 25041 ||| UPGRADING to +2 pair of gloves of strength.
 25051 | Orc:2    | 25051 ||| DROPPING +2 pair of gloves.
 25052 | Orc:2    | 25052 ||| DROPPING +2 pair of gloves.
 25072 | Orc:2    | 25072 ||| UPGRADING to amulet of reflection.
 25082 | Orc:2    | 25082 ||| DROPPING amulet of regeneration.
 25213 | Shoals:1 | Entered Level 1 of the Shoals
 25240 | Shoals:1 | 25240 ||| INVOKING Berserk.
 25264 | Shoals:1 | 25264 ||| INVOKING Brothers in Arms.
 25266 | Shoals:1 | Reached skill level 15 in Fighting
 25545 | Shoals:1 | 25545 ||| INVOKING Berserk.
 25740 | Shoals:1 | 25740 ||| Stepping ~*~*~tactically~*~*~ (hiding).
 25755 | Shoals:1 | 25755 ||| Stepping ~*~*~tactically~*~*~ (water).
 25765 | Shoals:1 | 25765 ||| INVOKING Berserk.
 25912 | Shoals:1 | 25912 ||| Stepping ~*~*~tactically~*~*~ (stealth).
 26094 | Shoals:1 | Noticed a kraken
 26110 | Shoals:1 | Killed a kraken
 26309 | Shoals:1 | Noticed Louise
 26310 | Shoals:1 | 26310 ||| Stepping ~*~*~tactically~*~*~ (hiding).
 26312 | Shoals:1 | 26312 ||| Stepping ~*~*~tactically~*~*~ (hiding).
 26313 | Shoals:1 | 26313 ||| Stepping ~*~*~tactically~*~*~ (hiding).
 26314 | Shoals:1 | 26314 ||| Stepping ~*~*~tactically~*~*~ (hiding).
 26316 | Shoals:1 | 26316 ||| Stepping ~*~*~tactically~*~*~ (hiding).
 26318 | Shoals:1 | 26318 ||| INVOKING Trog's Hand.
 26319 | Shoals:1 | 26319 ||| INVOKING Berserk.
 26333 | Shoals:1 | Killed Louise
 26453 | Shoals:1 | Found Uhiwn's Jewellery Emporium.
 26587 | Shoals:1 | 26587 ||| SHOPLISTING +4 ring of evasion (576 gold, have
                  | 271).
 26587 | Shoals:1 | 26587 ||| SHOPLISTING amulet of Syxkool {Spirit Str+7} (827
                  | gold, have 271).
 26587 | Shoals:1 | 26587 ||| SHOPLISTING ring of poison resistance (320 gold,
                  | have 271).
 26606 | Shoals:1 | 26606 ||| Stepping ~*~*~tactically~*~*~ (water).
 26882 | Shoals:1 | 26882 ||| READING scroll of brand weapon.
 26882 | Shoals:1 | 26882 ||| BRANDING +2 antimagic broad axe.
 26976 | Shoals:1 | 26976 ||| Stepping ~*~*~tactically~*~*~ (hiding).
 27142 | Shoals:1 | 27142 ||| DROPPING scarf of harm.
 27227 | Shoals:2 | 27227 ||| INVOKING Berserk.
 27354 | Shoals:2 | 27354 ||| INVOKING Berserk.
 27735 | Shoals:2 | 27735 ||| STAIRDANCE
 27871 | Shoals:2 | 27871 ||| INVOKING Berserk.
 28164 | Shoals:3 | 28164 ||| Stepping ~*~*~tactically~*~*~ (stealth).
 28183 | Shoals:3 | 28183 ||| Stepping ~*~*~tactically~*~*~ (stealth).
 28186 | Shoals:3 | 28186 ||| Stepping ~*~*~tactically~*~*~ (hiding).
 28377 | Shoals:3 | Received a gift from Trog
 28387 | Shoals:3 | Found Pogh's Firing Range.
 28389 | Shoals:3 | 28389 ||| INVOKING Trog's Hand.
 28409 | Shoals:3 | 28409 ||| INVOKING Berserk.
 28423 | Shoals:3 | 28423 ||| INVOKING Brothers in Arms.
 28424 | Shoals:3 | HP: 32/144 [merfolk impaler/+2 trident of distortion (8)]
 28425 | Shoals:3 | 28425 ||| DRINKING potion of heal wounds.
 28425 | Shoals:3 | HP: 4/144 [merfolk impaler/+0 trident of freezing (13)]
 28425 | Shoals:3 | Slain by a merfolk

Levels and vault maps discovered:
D:1:      minmay_arrival_hallway, layout_basic,
          shapermc_ecumenical_altar_mp_ritualfount, minmay_statues_item,
          bh_walls_and_bars
D:2:      layout_rooms, basic_altar
D:3:      layout_basic
D:4:      layout_gridville, lexackson_kobold_supper, uniq_eustachio, uniq_robin
D:5:      layout_basic
D:6:      layout_loops_ring, general_overflow_altar,
          hangedman_decor_clover_reticule, minmay_misc_feat_chi,
          kennysheep_cross_bottleneck, minmay_tree_intersection
D:7:      kennysheep_six_static_rooms, layout_gridville,
          minmay_temple_entry_water_ring, chequers_serial_rivers_room_b
D:8:      layout_basic, nicolae_overflow_squiral, gammafunk_ghost_gnarly_gnolls
D:9:      layout_loops_cross, serial_undead, serial_undead_a, serial_undead_d,
          serial_undead_f, serial_undead_b, serial_undead_d, serial_undead_a,
          serial_undead_d, serial_undead_a, kennysheep_cluttered_room,
          uniq_joseph
D:10:     layout_cave_pods, lemuel_round_altar,
          kennysheep_orc_monster_closet_entryway, kennysheep_another_room,
          solitary_fountain, chequers_serial_rivers_micro_a, minmay_the_grid_2x2
          [minmay_the_grid_pillar_ring, minmay_the_grid_minigrid_medium,
          minmay_the_grid_embedded,
          minmay_the_grid_prize_four_corners_diamond_a], uniq_psyche
D:11:     layout_long_grid, dpeg_oklobed_lair
D:12:     layout_basic
D:13:     layout_loops_corners, ximxim_vaults_locker_room,
          nicolae_trove_entry_columns, nicolae_kite_square_tiling_tiny,
          minmay_misc_feat_square, david_defended_altar_orc, uniq_nessos,
          uniq_erolcha
D:14:     layout_loops_cross, dk_noncrumbling_4, uniq_frances
D:15:     grunt_enter_depths_snipers, layout_cave_pools, good_gods_temple_1
Lair:1:   layout_chaotic_city, serial_bayou_shore_b, serial_bayou_shore_b
Lair:2:   layout_regular_city, minmay_shoals_entry_beasts,
          minmay_snake_entry_guardpost_small, serial_bayou_pond_e,
          uniq_gastronok, uniq_nergalle
Lair:3:   layout_chaotic_city, hibernation_bobbens, infiniplex_staircase_pool
Lair:4:   layout_loops_ring, slime_entry_1, maelrawn_ghost_gauntlet_escape,
          kennysheep_basilisk_garden, serial_bayou_shore_b, grunt_megastairs_5,
          lemuel_fruit_tree
Lair:5:   wormcave, layout_regular_city, chequers_serial_rivers_room_a,
          nicolae_lair_grove_arrangements, lemuel_fruit_fields,
          grunt_megastairs_1
Shoals:1: layout_shoals, serial_shops, shop, st_sunken_temple, uniq_louise
Shoals:2: layout_shoals
Shoals:3: layout_shoals, nicolae_shop_firing_range
Orc:1:    orc_temple, layout_diamond_mine, serial_shops,
          nicolae_shop_behind_doors, gammafunk_ghost_split
Orc:2:    grunt_orc_cross, layout_caves, serial_shops, shop,
          portal_ice_cave_entry_pillars_2, statue_in_the_mist_lemuel,
          nicolae_orc_bridge_out

Skill      XL: |  1  2  3  4  5  6  7  8  9 10 11 12 13 14 15 |
---------------+----------------------------------------------+-----
Axes           | 4 5 7 9 10 12 14 16 17 18 | 18.0
Fighting       | 4 5 7 8 10 13 14 16 | 16.0
Armour         | 4 5 7 8 10 11 12 13 | 13.3
Dodging        | 3 5 6 7 |  7.0
Throwing       | 1 2 3 4 7 |  7.0
Shields        | 12 15 18 | 18.9

Action                   |  1- 3 |  4- 6 |  7- 9 | 10-12 | 13-15 || total
-------------------------+-------+-------+-------+-------+-------++-------
Melee: Hand axe          |    75 |    67 |    19 |       |       ||   161
       Headbutt          |    10 |    12 |    37 |   108 |   245 ||   412
       Punch             |     1 |       |     2 |     2 |       ||     5
       War axe           |       |       |   217 |   292 |       ||   509
       Broad axe         |       |       |       |   154 |   950 ||  1104
       Morningstar       |       |       |       |       |    29 ||    29
Throw: Boomerang         |       |       |       |    90 |    66 ||   156
       Javelin           |       |       |       |    10 |    58 ||    68
Invok: Berserk           |     3 |     5 |     2 |    14 |    37 ||    61
       Brothers in Arms  |       |       |       |     3 |     9 ||    12
       Trog's Hand       |       |       |       |       |     4 ||     4
  Use: Scroll            |     5 |     2 |     9 |    11 |     8 ||    35
       Potion            |     1 |     1 |     4 |     2 |     2 ||    10
 Stab: Distracted        |       |       |       |       |     1 ||     1
Armor: Animal skin       |     4 |       |       |       |       ||     4
       Ring mail         |     3 |    12 |     6 |       |       ||    21
       Plate armour      |       |       |   102 |   234 |   446 ||   782
Dodge: Dodged            |    28 |    34 |    73 |   167 |   232 ||   534
Block: Tower shield      |       |       |       |   105 |  1036 ||  1141
       Buckler           |       |       |       |    15 |       ||    15
       Reflection        |       |       |       |       |    34 ||    34

Table legend:
 A = Non-vault XP
 B = Vault XP
 C = Vault XP percentage of total XP
 D = Non-vault monster count
 E = Vault monster count
 F = Vault count percentage of total count
                 A         B        C        D         E       F
            +---------+---------+-------+---------+---------+-------
      Total |  102970 |   49958 |  32.7 |     492 |     197 |  28.6
            +---------+---------+-------+---------+---------+-------
        D:1 |      17 |       0 |   0.0 |      10 |       0 |   0.0
        D:2 |      35 |       0 |   0.0 |      13 |       0 |   0.0
        D:3 |      48 |       0 |   0.0 |      19 |       0 |   0.0
        D:4 |     582 |     333 |  36.4 |      25 |      22 |  46.8
        D:5 |     243 |       0 |   0.0 |      13 |       0 |   0.0
        D:6 |    1312 |       0 |   0.0 |      29 |       0 |   0.0
        D:7 |    2391 |     468 |  16.4 |      36 |       6 |  14.3
        D:8 |    2057 |       0 |   0.0 |      17 |       0 |   0.0
        D:9 |     721 |    2488 |  77.5 |       9 |      19 |  67.9
       D:10 |    3133 |    9541 |  75.3 |      32 |      42 |  56.8
       D:11 |    1918 |       0 |   0.0 |      24 |       0 |   0.0
       D:12 |    5066 |       0 |   0.0 |      13 |       0 |   0.0
       D:13 |   11941 |    5569 |  31.8 |      30 |      16 |  34.8
       D:14 |    4640 |    1463 |  24.0 |      12 |       1 |   7.7
       D:15 |    7061 |    2743 |  28.0 |      10 |       3 |  23.1
     Lair:1 |    5591 |       0 |   0.0 |      26 |       0 |   0.0
     Lair:2 |    3654 |    3871 |  51.4 |      21 |       8 |  27.6
     Lair:3 |    6531 |    4864 |  42.7 |      16 |      13 |  44.8
     Lair:4 |    8039 |    2478 |  23.6 |      26 |      10 |  27.8
     Lair:5 |    6572 |    7110 |  52.0 |      24 |      22 |  47.8
   Shoals:1 |   17334 |    2285 |  11.6 |      33 |       3 |   8.3
   Shoals:2 |    8012 |       0 |   0.0 |      19 |       0 |   0.0
   Shoals:3 |    5006 |       0 |   0.0 |      12 |       0 |   0.0
      Orc:1 |     480 |       0 |   0.0 |      15 |       0 |   0.0
      Orc:2 |     586 |    6745 |  92.0 |       8 |      32 |  80.0
            +---------+---------+-------+---------+---------+-------
